 Dungeon Crawl Stone Soup version 0.17.0-57-g0e89251 (webtiles) character file.

1537 Neutronnoir the Thaumaturge (level 8, -5/43 HPs)
             Began as a Deep Elf Conjurer on Dec 8, 2015.
             Slain by Britaniac's ghost (12 damage)
             ... on level 6 of the Dungeon.
             The game lasted 00:57:40 (6119 turns).

Neutronnoir the Thaumaturge (Deep Elf Conjurer)     Turns: 6119, Time: 00:57:41

Health: -5/43      AC:  7    Str:  5    XL:     8   Next: 56%
Magic:  16/32      EV: 15    Int: 23    God:
Gold:   223        SH:  0    Dex: 15    Spells: 4 memorised, 13 levels left

rFire  . . .     SeeInvis .     t - +1 dagger (speed)
rCold  . . .     Clarity  .     a - +2 robe
rNeg   + . .     SustAt   .     (no shield)
rPois  .         Gourm    .     (no helmet)
rElec  .         Spirit   .     w - +0 cloak
rCorr  .         Warding  .     (no gloves)
rMut   .         Stasis   .     d - +1 pair of boots
MR     .....                    (no amulet)
Stlth  +.........               l - ring of positive energy
                                s - ring of magical power

@: confused, not resistant to hostile enchantments, very unstealthy
A: no striking features
a: no special abilities


You were on level 6 of the Dungeon.
You were not hungry.

You visited 1 branch of the dungeon, and saw 6 of its levels.

You collected 223 gold pieces.

Inventory:

Hand Weapons
 j - a +0 short sword
 t - a +1 dagger of speed (weapon)
 z - a +1 spear of piercing
Armour
 a - a +2 robe (worn)
 d - a +1 pair of boots (worn)
 w - a +0 cloak (worn)
Rods
 c - a +0 rod of inaccuracy (12/12)
   (You found it on level 4 of the Dungeon)
Jewellery
 e - an uncursed ring of protection from cold
 l - a ring of positive energy (right hand)
 p - an uncursed ring of flight
 s - a ring of magical power (left hand)
Wands
 y - a wand of frost (24)
Scrolls
 k - 2 scrolls of teleportation
 m - 2 scrolls of remove curse
 n - 2 scrolls of identify
 o - a scroll of enchant weapon
 q - 3 scrolls of blinking {unknown}
 A - a scroll of amnesia
Potions
 f - 2 potions of lignification
 i - 2 potions of might
 r - a potion of ambrosia
 u - a potion of poison {unknown}
 v - a potion of degeneration {unknown}
Books
 b - a book of Conjurations

   Spells                             Type                      Level
   a - Magic Dart                     Conjuration                  1
   b - Searing Ray                    Conjuration                  2
   c - Dazzling Spray                 Conjuration/Hexes            3
   d - Fulminant Prism                Conjuration/Hexes            4
   e - Iskenderun's Mystic Blast      Conjuration                  4
   f - Iskenderun's Battlesphere      Conjuration/Charms           5
Comestibles
 x - a slice of pizza


   Skills:
 + Level 1.1 Fighting
 + Level 5.6 Dodging
 + Level 3.5 Stealth
 + Level 9.0 Spellcasting
 + Level 8.8 Conjurations


You had 13 spell levels left.
You knew the following spells:

 Your Spells              Type           Power        Failure   Level  Hunger
a - Magic Dart            Conj           ####         1%          1    None
b - Searing Ray           Conj           ######       1%          2    None
c - Iskenderun's Mystic   Conj           ######..     1%          4    ##.....
d - Iskenderun's Battles  Conj/Chrm      ####....     30%         5    ####...


Dungeon Overview and Level Annotations

Branches:
Dungeon (6/15)
 Temple: D:4-7

Altars:
Cheibriados
Gozag
Okawaru
Ru
The Shining One

Annotations:
D:6 Britaniac's ghost, novice GrFE


Message History

Britaniac's ghost points at you and mumbles some strange words.
The flame tongue hits you!
* * * LOW HITPOINT WARNING * * *
Drink which item? (? for menu, Esc to quit)
Okay, then.
You're too confused!
You're too confused to cast spells.
You bump into the rock wall.
You are engulfed in noxious fumes.
You choke on the stench!
You are more confused.
Britaniac's ghost points at you and mumbles some strange words.
The flame tongue misses you.
You closely miss Britaniac's ghost.
Britaniac's ghost is heavily damaged.
You are engulfed in noxious fumes.
You choke on the stench!
You are more confused.
* * * LOW HITPOINT WARNING * * *
Britaniac's ghost misses you.
You bump into the stone wall.
Britaniac's ghost hits you!
You die...

#### #.@#
##W###### .
#.).....#
....#....[..#
.o)[).......#
...##.......#
... #.......#
.# #.......#
#########


You could see Britaniac's ghost.

Vanquished Creatures
  A phantom (D:5)
  3 ogres
  A sky beast (D:5)
  A centaur (D:5)
  A gnoll sergeant (D:6)
  A giant frog (D:5)
  3 scorpions
  5 orc priests
  2 crimson imps
  2 hounds (D:5)
  A giant frog skeleton (D:5)
  2 iguanas
  3 orc wizards (D:4)
  A worker ant zombie (D:5)
  8 adders
  6 gnolls
  3 shadow imps
  An adder skeleton (D:5)
  6 giant geckos
  18 orcs
  3 giant cockroaches
  9 goblins
  4 hobgoblins
  11 jackals
  A quokka (D:3)
  2 ball pythons (D:2)
  5 bats
  A giant gecko skeleton (D:4)
  5 giant newts
  A jackal skeleton (D:4)
  8 kobolds
  8 rats
127 creatures vanquished.

Vanquished Creatures (others)
  An orc wizard (D:4)
1 creature vanquished.

Grand Total: 128 creatures vanquished

Notes
Turn   | Place    | Note
--------------------------------------------------------------
     0 | D:1      | Neutronnoir the Deep Elf Conjurer began the quest for the Orb.
     0 | D:1      | Reached XP level 1. HP: 10/10 MP: 6/6
   130 | D:1      | Reached XP level 2. HP: 15/15 MP: 4/8
   223 | D:1      | Reached skill level 5 in Conjurations
   484 | D:1      | Found a snail-covered altar of Cheibriados.
   689 | D:2      | Found a sacrificial altar of Ru.
   798 | D:2      | Reached XP level 3. HP: 19/19 MP: 2/9
   802 | D:2      | Learned a level 2 spell: Searing Ray
  1246 | D:3      | Reached XP level 4. HP: 24/24 MP: 9/11
  1367 | D:3      | Reached skill level 6 in Conjurations
  1497 | D:3      | Reached XP level 5. HP: 28/28 MP: 0/13
  1736 | D:3      | Found a glowing golden altar of the Shining One.
  2224 | D:3      | Reached skill level 5 in Spellcasting
  2369 | D:3      | Reached XP level 6. HP: 25/32 MP: 2/15
  3132 | D:4      | Noticed an ogre
  3289 | D:3      | Learned a level 4 spell: Iskenderun's Mystic Blast
  3295 | D:3      | Learned a level 5 spell: Iskenderun's Battlesphere
  3466 | D:4      | Killed an ogre
  3466 | D:4      | Reached skill level 7 in Conjurations
  3466 | D:4      | HP: 1/33 [orc wizard/puff of flame (5)]
  3757 | D:4      | Reached XP level 7. HP: 31/37 MP: 11/17
  3789 | D:4      | Identified a +0 rod of inaccuracy (12/12) (You found it on level 4 of the Dungeon)
  3802 | D:4      | Reached skill level 1 in Fighting
  4071 | D:4      | Noticed an ogre
  4074 | D:4      | Killed an ogre
  4091 | D:4      | Found an opulent altar of Gozag.
  4307 | D:5      | Entered Level 5 of the Dungeon
  4322 | D:5      | Reached skill level 5 in Dodging
  4810 | D:5      | Reached XP level 8. HP: 13/43 MP: 17/21
  5272 | D:5      | Found an iron altar of Okawaru.
  5324 | D:5      | Reached skill level 8 in Conjurations
  5967 | D:6      | Noticed Britaniac's ghost (novice GrFE)
  6107 | D:6      | Reached skill level 9 in Spellcasting
  6119 | D:6      | Slain by Britaniac's ghost

Action                   |  1- 3 |  4- 6 |  7- 9 || total
-------------------------+-------+-------+-------++-------
Melee: Unarmed           |     1 |     7 |       ||     8
       Dagger            |       |    18 |    15 ||    33
 Cast: Magic Dart        |    78 |    63 |    87 ||   228
       Searing Ray       |     4 |    42 |       ||    46
       Iskenderun's Myst |       |     4 |    46 ||    50
  Use: Scroll            |     5 |     9 |     1 ||    15
       Potion            |     1 |     6 |     2 ||     9
  Eat: Fruit             |     1 |     3 |     2 ||     6
       Beef jerky        |       |     2 |       ||     2
       Bread ration      |       |     1 |     1 ||     2
       Royal jelly       |       |       |     1 ||     1
       Pizza             |       |       |     1 ||     1
